 Dungeon Crawl Stone Soup version 0.31-a0-221-gbddc013574 (webtiles) character file.

Game seed: 2663138639596381382

58 qw the Shooter (level 3, 0/29 HPs)
             Began as a Minotaur Hexslinger on July 4, 2023.
             Slain by a gnoll
             ... wielding a +0 spear
              (3 damage)
             ... on level 2 of the Dungeon.
             The game lasted 00:00:25 (797 turns).

qw the Shooter (Minotaur Hexslinger)                 Turns: 797, Time: 00:00:26

Health: 0/29       AC:  6    Str: 12    XL:     3   Next: 75%
Magic:  0/3        EV: 11    Int: 10    God:
Gold:   86         SH:  0    Dex: 14    Spells: 3/4 levels left

rFire   . . .        Y - +1 sling
rCold   . . .        (no shield)
rNeg    . . .        h - +0 ring mail
rPois   .            (helmet restricted)
rElec   .            j - +0 cloak
rCorr   .            (no gloves)
SInv    .            (no boots)
Will    +....        i - amulet of guardian spirit
Stlth   +            e - ring of willpower
HPRegen 0.24/turn    (no ring)
MPRegen 0.08/turn

%: guardian spirit
@: no status effects
A: horns 2, retaliatory headbutt
a: no special abilities


You were on level 2 of the Dungeon.
You visited 1 branch of the dungeon, and saw 2 of its levels.

You collected 86 gold pieces.


Innate Abilities, Weirdness & Mutations

You have a pair of horns on your head.
You reflexively headbutt those who attack you in melee.


   Skills:
 - Level 2.0 Fighting
 + Level 4.0 Ranged Weapons
 - Level 1.5 Armour
 - Level 2.1 Dodging
 - Level 1.0 Spellcasting
 - Level 2.0 Hexes


You had 3 spell levels left.
You knew the following spells:

 Your Spells              Type           Power      Damage    Failure   Level
a - Slow                  Hex            16%        N/A       32%         1

Your spell library contained the following spells:

 Spells                   Type           Power      Damage    Failure   Level
 Inner Flame              Hex/Fire       2%         N/A       83%         3
 Portal Projectile        Hex/Tloc       4%         N/A       83%         3
 Cause Fear               Hex            2%         N/A       97%         4

Inventory:

Hand Weapons
 Y - a +1 sling (weapon)
Armour
 h - a +0 ring mail (worn)
 j - a +0 cloak (worn)
Jewellery
 e - a ring of willpower (left hand)
 i - an amulet of guardian spirit (around neck)
Potions
 a - a potion of brilliance {unknown}
 d - 2 potions of curing

Dungeon Overview and Level Annotations

Branches:
Dungeon (2/15)

Altars:
Fedhas


Message History

Enter note: You tear a large gash into the net.
A gnoll comes into view. It is wielding a +0 flail.
You struggle against the net.
A gnoll comes into view. It is wielding a +0 spear.
You shred the net and break free!
The gnoll throws a throwing net.
The throwing net hits you.
You become entangled in the net!
You tear a large gash into the net.
The gnoll hits the bush but does no damage.
You struggle against the net.
The gnoll hits you from afar with a +0 spear.
The gnoll hits the bush with a +2 whip of electrocution.
You rip the net and break free!
The gnoll hits you from afar with a +0 spear!
The gnoll hits the bush but does no damage.
You shoot a sling bullet.
The sling bullet closely misses the gnoll.
The gnoll hits you from afar with a +0 spear.
The gnoll hits the bush but does no damage.
You shoot a sling bullet. The sling bullet hits the gnoll.
The gnoll is moderately wounded.
The gnoll misses you.
The gnoll hits the bush with a +2 whip of electrocution.
You shoot a sling bullet. The sling bullet misses the kobold.
The kobold hits you with a +0 club.
The gnoll hits the bush with a +2 whip of electrocution.
The gnoll hits you from afar with a +0 spear.
The kobold barely misses you.
The gnoll hits you from afar with a +0 spear.
The gnoll hits the bush but does no damage.
You shoot a sling bullet.
The sling bullet barely misses the kobold.
The gnoll hits you from afar with a +0 spear!
The kobold hits you but does no damage.
The gnoll hits the bush with a +2 whip of electrocution.
You shoot a sling bullet. The sling bullet hits the kobold.
You kill the kobold!
The gnoll hits you from afar with a +0 spear.
You die... .....P.P.# PPP.P.P.# ..P...P...# PPPPP.PPP.P## ...P.....P# .
P.PPPPP.P# ...P.%.P.P.P# .PPP[PPP.P.P# .P....)@...P# .PPPPPPPPPPP#

..gg######
#..#g
#...#g
.... ..
##. .. ..
...


You could see 4 gnolls.

Vanquished Creatures
  A gnoll (D:1)
  2 adders (D:2)
  A worm (D:2)
  A ball python (D:1)
  3 endoplasms
  3 goblins
  2 hobgoblins
  4 jackals (D:1)
  2 kobolds (D:2)
  A quokka (D:1)
  3 bats
  3 frilled lizards
  3 rats (D:1)
29 creatures vanquished.

Notes
Turn   | Place    | Note
-------+----------+-------------------------------------------
     0 | D:1      | qw the Minotaur Hexslinger began the quest for the Orb.
     0 | D:1      | Reached XP level 1. HP: 16/16 MP: 1/1
     0 | D:1      | 0 ||| qw: Version: 0.3-a-41-g9d075ac
     0 | D:1      | 0 ||| qw: Game counter: 791
     0 | D:1      | 0 ||| qw: Melee chars always use a shield: true
     0 | D:1      | 0 ||| qw: God list: Okawaru
     0 | D:1      | 0 ||| qw: Allow faded altars: false
     0 | D:1      | 0 ||| qw: Do Orc after clearing Dungeon:15 true
     0 | D:1      | 0 ||| qw: Do second Lair branch before Depths: true
     0 | D:1      | 0 ||| qw: Lair rune preference: random
     0 | D:1      | 0 ||| qw: Goals: Normal
     0 | D:1      | 0 ||| PLANNING D:1-11
     9 | D:1      | 9 ||| DROPPING scroll of poison.
    84 | D:1      | Reached skill level 3 in Ranged Weapons
    84 | D:1      | Reached XP level 2. HP: 18/23 MP: 2/2
   112 | D:1      | 112 ||| FLEEEEING.
   369 | D:1      | 369 ||| UPGRADING to +0 ring mail.
   379 | D:1      | 379 ||| DROPPING +0 robe.
   380 | D:1      | 380 ||| UPGRADING to +0 cloak.
   385 | D:1      | 385 ||| UPGRADING to amulet of guardian spirit.
   390 | D:1      | 390 ||| UPGRADING to ring of willpower.
   391 | D:1      | 391 ||| READING scroll labelled JULUFE EXIA.
   392 | D:1      | 392 ||| READING scroll labelled BIEMPYI UFRIGIU.
   393 | D:1      | 393 ||| READING scroll labelled XIBIME DOIC.
   394 | D:1      | 394 ||| READING scroll labelled ZUBAOW FOTALL.
   395 | D:1      | 395 ||| DRINKING 3 fizzy blue potions.
   469 | D:2      | Reached XP level 3. HP: 29/29 MP: 3/3
   496 | D:2      | Found a blossoming altar of Fedhas.
   583 | D:2      | Reached skill level 4 in Ranged Weapons
   780 | D:2      | Reached skill level 1 in Armour
   796 | D:2      | HP: 3/29 [gnoll/+0 spear (6)]
   797 | D:2      | Slain by a gnoll

Levels and vault maps discovered:
D:1:      minmay_arrival_glassed_features, layout_rooms
D:2:      wander_river, layout_loops_corners, serial_forest,
          infiniplex_forest_lined_room_, infiniplex_forest_clump_small,
          infiniplex_forest_lined_2, infiniplex_forest_straight_5,
          infiniplex_forest_straight_3, basic_altar, minmay_hedge_maze

Skill      XL: |  1  2  3 |
---------------+----------+-----
Ranged Weapons | 3 4 |  4.0
Fighting       | 2 |  2.0
Armour         | 1 |  1.5
Dodging        | |  2.1
Spellcasting   | |  1.0
Hexes          | |  2.0

Action                     || total
---------------------------++-------
   Fire: Sling             ||    95
    Use: Scroll            ||     4
         Potion            ||     1
 Armour: Robe              ||    10
         Ring mail         ||     5
  Dodge: Dodged            ||    25

Table legend:
 A = Non-vault XP
 B = Vault XP
 C = Vault XP percentage of total XP
 D = Non-vault monster count
 E = Vault monster count
 F = Vault count percentage of total count
                 A         B        C        D         E       F
            +---------+---------+-------+---------+---------+-------
      Total |      84 |       0 |   0.0 |      29 |       0 |   0.0
            +---------+---------+-------+---------+---------+-------
        D:1 |      38 |       0 |   0.0 |      16 |       0 |   0.0
        D:2 |      46 |       0 |   0.0 |      13 |       0 |   0.0
            +---------+---------+-------+---------+---------+-------
